 Dungeon Crawl Stone Soup version 0.30.1 (webtiles) character file.

Game seed: 9464667189470954038

5376 Sabo the Cleaver (level 10, -5/92 HPs)
             Began as a Naga Monk on July 6, 2023.
             Was a Priest of Qazlal.
             Killed from afar by a hell hog (39 damage)
             ... with a fireball
             ... on level 1 of the Abyss.
             The game lasted 00:44:31 (8149 turns).

Sabo the Cleaver (Naga Monk)                        Turns: 8149, Time: 00:44:34

Health: -5/92      AC: 22    Str: 20    XL:     10   Next: 66%
Magic:  10/10      EV:  6    Int:  9    God:    Qazlal [***...]
Gold:   562        SH:  4    Dex: 14    Spells: 9/9 levels left

rFire   . . .        y - +2 war axe (heavy)
rCold   . . .        d - orb {light}
rNeg    . . .        J - +0 chain mail
rPois   +            (no helmet)
rElec   +            M - +0 cloak
rCorr   .            (no gloves)
SInv    +            e - +3 barding of Zajun {rElec Str+3 Int-2}
Will    +....        (no amulet) Stlth
                     u - +4 ring of slaying
HPRegen 0.35/turn    s - +4 ring of protection
MPRegen 0.12/turn

%: no passive effects
@: glowing, very slow
A: AC +3, large, see invisible, deformed body, poison resistance, slowness 2,
spit poison 1, naga tail 1
a: Spit Poison, Renounce Religion, Upheaval, Elemental Force


You were on level 1 of the Abyss.
You worshipped Qazlal.
Qazlal was most pleased with you.
You visited 2 branches of the dungeon, and saw 10 of its levels.
You visited the Abyss 1 time.
You also visited: Sewer.

You collected 562 gold pieces.

Inventory:

Hand Weapons
 a - a +0 war axe
 j - a +4 dagger of freezing
 y - a +2 heavy war axe (weapon)
 H - a +0 shortbow
Missiles
 m - 3 boomerangs (quivered)
 t - 2 curare-tipped darts
 x - 6 poisoned darts
 E - 3 silver javelins
Armour
 d - an orb of light (worn)
 e - the +3 barding of Zajun (worn) {rElec Str+3 Int-2}
   (You acquired it on level 3 of the Dungeon)

   Str:       It affects your strength (+3).
   Int:       It affects your intelligence (-2).
   rElec:     It insulates you from electricity.
 J - a +0 chain mail (worn)
 M - a +0 cloak (worn)
Jewellery
 b - a +5 ring of evasion
 f - a ring of resist corrosion
 s - a +4 ring of protection (right hand)
 u - a +4 ring of slaying (left hand)
 O - a +6 ring of dexterity
Wands
 n - a wand of charming (15)
 p - a wand of flame (21)
 r - a wand of polymorph (24)
 w - a wand of mindburst (20)
 G - a wand of acid (29)
 P - a wand of roots (5)
Scrolls
 i - 6 scrolls of teleportation
 l - a scroll of magic mapping
 o - 3 scrolls of fear
 F - a scroll of brand weapon
 I - a scroll of noise {unknown}
 N - a scroll of fog {unknown}
 Q - 2 scrolls of enchant armour {unknown}
Potions
 c - a potion of ambrosia
 g - 3 potions of invisibility {unknown}
 h - 3 potions of brilliance {unknown}
 k - 3 potions of haste {unknown}
 q - a potion of resistance {unknown}
 v - 4 potions of lignification {unknown}
 z - a potion of mutation {unknown}
 A - 5 potions of curing
 B - 2 potions of flight
 C - 5 potions of heal wounds
 D - a potion of attraction {unknown}
 K - a potion of degeneration {unknown}
 R - a potion of might {unknown}


   Skills:
 + Level 6.4 Fighting
 + Level 10.9 Axes
 + Level 0.1 Throwing
 + Level 6.0 Armour
 + Level 4.9 Dodging
 + Level 3.1 Stealth
 + Level 2.8 Shields
 + Level 0.3 Unarmed Combat
 + Level 1.4 Evocations


You had 9 spell levels left.
You didn't know any spells.
Your spell library contained the following spells:

 Spells                   Type           Power      Damage    Failure   Level
 Sublimation of Blood     Necr           0%         N/A       99%         2
 Wereblood                Tmut           0%         N/A       99%         2
 Summon Hydra             Summ           0%         N/A       100%        7


Dungeon Overview and Level Annotations

Branches:
Dungeon (9/15)             Temple (1/1) D:5           Sewer (visited)
   Lair: D:8-11         Orc: D:9-12

Altars:
Ashenzari
Cheibriados
Dithmenos
Elyvilon
Fedhas
Gozag
Hepliaklqana
Kikubaaqudgha
Makhleb
Nemelex Xobeh
Okawaru
Qazlal
Ru
Sif Muna
Trog
Uskayaw
Vehumet
Wu Jian
Xom
Yredelemnul
Zin
The Shining One
Ignis

Shops:
D:2 =   D:3 *


Innate Abilities, Weirdness & Mutations

Your serpentine skin is tough. (AC +3)
You have supernaturally acute eyesight. (SInv)
Armour fits poorly on your strangely shaped body.
Your system is resistant to poisons. (rPois)
You cover ground very slowly.
You can spit poison.
You have a snake-like lower body.


Message History

Found a corrupted altar of Lugonu.
A small abomination comes into view.
You slash the small abomination!
The small abomination is heavily damaged.
The small abomination is engulfed in a thunderstorm.
You destroy the small abomination!
Qazlal accepts your kill.
Your life force feels restored.
You hear an angry squeal.
You hear an angry squeal. 2 hell hogs come into view.
The hell hog squeals angrily. x2
A hell hog comes into view.
The hell hog squeals angrily.
The hell hog bites you but does no damage. x2
The hell hog breathes fire at you.
The fireball explodes!
The fireball engulfs the hell hog.
The hell hog completely resists.
The fireball engulfs the hell hog.
The hell hog completely resists.
The fireball engulfs you!!
You slice the hell hog!!
The hell hog is heavily wounded.
The hell hog breathes fire at you.
The fireball explodes!
The fireball engulfs you!!
The fireball engulfs the hell hog.
The hell hog completely resists.
The hell hog barely misses you.
You slash the hell hog!
The hell hog is severely wounded.
The hell hog bites you. The hell hog breathes fire at you.
The fireball explodes!
The fireball engulfs you!!
* * * LOW HITPOINT WARNING * * *
The fireball engulfs the hell hog.
The hell hog completely resists.
You feel much better. The hell hog closely misses you.
You slice the hell hog!!
You kill the hell hog!
Qazlal accepts your kill. The hell hog breathes fire at you.
The fireball explodes!
The fireball engulfs the hell hog.
The hell hog completely resists.
The fireball engulfs you!!!
You die...

#### ....#.. .# ##.....
## #. ...##.....##. . _#
....... .### #.
.........#... ## .
....#....#.# . .#h .
...#.... .#.##.# ...
..... .....#h# .. .#....
...#@#####..
....#.##................
...# .#.....#..###..#.
... .. .#.##.#..## .#
.#.....##..#...#
...#...#.##..##.. #.##
##...#..#. #. .# #
...##. #. ### .... #.


You could see 2 hell hogs.

Vanquished Creatures
  A hell hog (Abyss:1)
  A deep elf pyromancer (D:6)
  3 yaks (D:8)
  Eustachio (D:6)
  3 steam dragons
  2 water moccasins
  Duvessa (D:4)
  4 black bears
  2 ice beasts
  2 ogres
  A small abomination (Abyss:1)
  2 centaurs
  2 kobold brigands (Sewer)
  2 phantoms
  2 bullfrogs
  4 scorpions
  2 gnoll sergeants (D:8)
  7 wights
  Dowan (D:4)
  8 killer bees
  2 howler monkeys
  3 electric eels (D:8)
  2 hounds
  2 jellies
  2 quasits (D:7)
  4 orc priests
  Crazy Yiuf (D:6)
  3 iguanas
  4 orc wizards
  2 sleepcaps
  Natasha (thrice) (D:3)
  12 adders
  9 gnolls
  5 shadow imps
  3 white imps
  4 ufetubi
  5 worms
  13 orcs
  3 bats
  11 endoplasms
  2 giant cockroaches (D:2)
  8 goblins
  7 hobgoblins
  10 jackals
  4 quokkas
  5 ball pythons
  8 frilled lizards
  12 kobolds
  7 rats
207 creatures vanquished.

Vanquished Creatures (others)
  A gnoll (D:8)
  An orc (D:8)
2 creatures vanquished.

Grand Total: 209 creatures vanquished

Notes
Turn   | Place    | Note
-------+----------+-------------------------------------------
     0 | D:1      | Sabo the Naga Monk began the quest for the Orb.
     0 | D:1      | Reached XP level 1. HP: 21/21 MP: 1/1
     2 | D:1      | Noticed an electric eel
   284 | D:1      | Reached XP level 2. HP: 14/28 MP: 2/2
  1338 | D:2      | Reached XP level 3. HP: 28/34 MP: 3/3
  1713 | D:2      | Found a blossoming altar of Fedhas.
  1781 | D:2      | Found Pamieg's Jewellery Shoppe.
  1838 | D:2      | Reached skill level 1 in Armour
  1871 | D:2      | Reached XP level 4. HP: 43/43 MP: 4/4
  2391 | D:3      | Found Esiypid's General Store.
  2507 | D:3      | Found a faded altar of an unknown god.
  2508 | D:3      | Noticed Natasha
  2523 | D:3      | Killed Natasha
  2524 | D:3      | Reached XP level 5. HP: 45/49 MP: 5/5
  2572 | D:3      | Noticed Natasha
  2584 | D:3      | Killed Natasha
  2753 | D:3      | Reached skill level 4 in Axes
  2876 | D:3      | Noticed Natasha
  2887 | D:3      | Killed Natasha
  3302 | D:3      | Identified a scroll of acquirement
  3303 | D:3      | Acquired the +3 barding of Zajun {rElec Str+3 Int-2}
  3328 | D:4      | Noticed Duvessa
  3330 | D:4      | Found a glowing drain.
  3330 | D:4      | Noticed Dowan
  3335 | D:4      | Killed Duvessa
  3336 | D:4      | Reached skill level 1 in Stealth
  3336 | D:4      | Reached XP level 6. HP: 54/57 MP: 6/6
  3349 | D:4      | Killed Dowan
  3415 | Sewer    | Entered a sewer
  3496 | Sewer    | Reached skill level 5 in Axes
  3496 | Sewer    | Reached XP level 7. HP: 59/63 MP: 7/7
  3547 | Sewer    | Found a glowing silver altar of Zin.
  3745 | D:4      | Found a glowing golden altar of the Shining One.
  4015 | D:4      | Reached skill level 1 in Evocations
  4238 | D:4      | Reached skill level 6 in Axes
  4523 | D:5      | Entered Level 5 of the Dungeon
  4531 | D:5      | Reached XP level 8. HP: 67/72 MP: 8/8
  4557 | D:5      | Found a staircase to the Ecumenical Temple.
  4578 | Temple   | Entered the Ecumenical Temple
  4611 | Temple   | Became a worshipper of Qazlal Stormbringer
  4611 | Temple   | Reached * piety under Qazlal
  4611 | Temple   | Reached ** piety under Qazlal
  4678 | D:5      | Reached skill level 7 in Axes
  5315 | D:6      | Reached skill level 1 in Shields
  5315 | D:6      | Reached XP level 9. HP: 80/80 MP: 9/9
  5339 | D:6      | Reached skill level 5 in Fighting
  5339 | D:6      | Reached skill level 8 in Axes
  5412 | D:6      | Found a basalt altar of Yredelemnul.
  5441 | D:6      | Found a hide-covered altar of Uskayaw.
  5479 | D:6      | Found a shimmering blue altar of Sif Muna.
  5506 | D:6      | Found a shimmering altar of Xom.
  5507 | D:6      | Found a glowing silver altar of Zin.
  5507 | D:6      | Found a sacrificial altar of Ru.
  5871 | D:6      | Noticed Eustachio
  5894 | D:6      | Killed Eustachio
  6156 | D:6      | Found a runed translucent door.
  6157 | D:6      | Noticed Crazy Yiuf
  6162 | D:6      | Killed Crazy Yiuf
  6294 | D:6      | Noticed a deep elf pyromancer
  6304 | D:6      | Killed a deep elf pyromancer
  6305 | D:6      | Reached skill level 9 in Axes
  6305 | D:6      | Reached skill level 5 in Armour
  6661 | D:7      | Reached XP level 10. HP: 91/91 MP: 10/10
  6965 | D:7      | Reached *** piety under Qazlal
  7159 | D:8      | Found an iron altar of Okawaru.
  7172 | D:8      | Reached skill level 10 in Axes
  7571 | D:8      | Found a radiant altar of Vehumet.
  7806 | D:8      | Found a burning altar of Makhleb.
  8105 | Abyss:1  | Found a corrupted altar of Lugonu.
  8105 | Abyss:1  | Cast into level 1 of the Abyss (wight)
  8143 | Abyss:1  | Noticed a hell hog
  8143 | Abyss:1  | Noticed a hell hog
  8145 | Abyss:1  | Noticed a hell hog
  8149 | Abyss:1  | Killed a hell hog
  8149 | Abyss:1  | Killed from afar by a hell hog

Illustrated notes

Levels and vault maps discovered:
D:1:      arrival_aquarium_a, layout_basic, lexackson_kobold_supper
D:2:      layout_loops_corners, serial_shops, nicolae_shop_gaudy_bauble,
          basic_altar
D:3:      layout_basic, hellmonk_ecumenical_altar_dog_temple, serial_shops,
          nicolae_shop_hallway_stairs, minivault_11, minmay_misc_feat_x,
          uniq_natasha
D:4:      cheibrodos_pilgrimage, layout_rooms, mainiacjoe_overflow_catwalk,
          cheibrodos_sewer_entry_sluice, amethyst_killhole, uniq_duvessa
D:5:      layout_rooms, minmay_temple_entry_glassed_door
D:6:      layout_basic, mainiacjoe_overflow_swirl,
          chequers_temple_overflow_statue_of_worship, guppyfry_early_elven_hall,
          uniq_eustachio, uniq_crazy_yiuf_cottage
D:7:      layout_cave_pools, serial_demonic, serial_demonic_d, serial_demonic_g,
          serial_demonic_g, serial_demonic_g, serial_demonic_e,
          serial_demonic_g, serial_demonic_c, serial_demonic_e, minivault_26
D:8:      layout_cave_pools, lemuel_round_altar, lightli_temple_of_fire,
          marbit_many_paths, serial_bayou, serial_bayou_pond_c,
          serial_bayou_pond_b, serial_bayou_pond_e, serial_bayou_lagoon_a,
          hangedman_decor_lopped, dreamdust_wishing_well
D:9:      layout_rooms, grunt_lair_entry_orc_guard_hut, david_orc_3,
          enter_bailey_3, serial_corexii_hall, corexii_hall_statues_deadend,
          corexii_hall_statues_i, uniq_erica
Temple:   pdpol_scorched_temple
Abyss:1:  base:
D:4

Skill      XL: |  1  2  3  4  5  6  7  8  9 10 |
---------------+-------------------------------+-----
Armour         | 1 2 3 4 5 6 |  6.0
Axes           | 4 5 6 7 9 10 | 10.9
Dodging        | 3 4 |  4.9
Stealth        | 1 2 3 |  3.1
Fighting       | 4 5 6 |  6.4
Evocations     | 1 |  1.4
Shields        | 1 2 |  2.8
Throwing       | |  0.1
Unarmed Combat | |  0.3

Action                     |  1- 3 |  4- 6 |  7- 9 | 10-12 || total
---------------------------+-------+-------+-------+-------++-------
  Melee: Hand axe          |    97 |    75 |       |       ||   172
         Unarmed           |       |     6 |       |       ||     6
         War axe           |       |    27 |   166 |   102 ||   295
  Throw: Boomerang         |       |     1 |     1 |       ||     2
Ability: Spit Poison       |     1 |     5 |     2 |       ||     8
  Evoke: Wand              |       |     2 |       |       ||     2
    Use: Scroll            |     1 |     4 |     1 |     3 ||     9
         Potion            |       |       |       |     1 ||     1
   Stab: Confused          |       |     1 |       |       ||     1
 Armour: Ring mail         |    22 |    42 |    23 |       ||    87
         Scale mail        |       |       |    66 |       ||    66
         Chain mail        |       |       |    68 |    73 ||   141
  Dodge: Dodged            |    58 |   103 |   192 |    66 ||   419
  Block: Orb               |       |       |    24 |    26 ||    50
